 Dungeon Crawl Stone Soup version 0.26.1-11-gd32895ea62 (webtiles) character file.

Game seed: 14130634432032629489

42 Ijustatesigmund the Skirmisher (level 3, 0/26 HPs)
             Began as an Octopode Fighter on July 14, 2021.
             Succumbed to a worker ant's poison
             ... on level 2 of the Dungeon.
             The game lasted 00:01:44 (1086 turns).

Ijustatesigmund the Skirmisher (Octopode Fighter)   Turns: 1086, Time: 00:01:45

Health: 0/26       AC:  1    Str: 10 (13) XL:     3   Next: 56%
Magic:  3/3        EV: 11    Int:  7 (10) God:
Gold:   138        SH:  8    Dex: 10 (12) Spells: 2/2 levels left

rFire    . . .     SeeInvis .   a - +1 flail
rCold    . . .     Faith    .   b - +0 kite shield
rNeg     . . .     Spirit   .   (helmet restricted)
rPois    .         Reflect  .   (no amulet)
rElec    .         Harm     .   (no ring)
rCorr    .         Rampage  .   (no ring)
Will     .....                  (no ring)
Stlth    ++........             (no ring)
HPRegen  0.08/turn              (no ring)
MPRegen  0.08/turn              (no ring)
                                (no ring)
                                (no ring)

@: lethally poisoned (0 -> -7)
A: almost no armour, stealthy swim, amphibious, 8 rings, constrict 8, fangs 1,
camouflage 1, high mp 1, weak 1, gelatinous body 1
a: no special abilities


You were on level 2 of the Dungeon.
You visited 1 branch of the dungeon, and saw 2 of its levels.

You collected 138 gold pieces.

Inventory:

Hand Weapons
 a - a +1 flail (weapon)
Armour
 b - a +0 kite shield (worn)
Scrolls
 e - a scroll of teleportation
Potions
 d - 2 potions of might


   Skills:
 + Level 3.5 Fighting
 * Level 3.3 Maces & Flails
 - Level 3.0 Dodging
 - Level 3.0 Shields


You had 2 spell levels left.
You didn't know any spells.
Your spell library was empty.

Dungeon Overview and Level Annotations

Branches:
Dungeon (2/15)

Altars:


Innate Abilities, Weirdness & Mutations

You cannot wear most types of armour.
You are very stealthy in the water. (Stealth+)
You are amphibious.
You can wear up to eight rings at the same time.
You can use your tentacles to constrict eight enemies at once.
Your skin changes colour to match your surroundings (Stealth+).
Your rubbery body absorbs attacks. (AC +1, EV +1)
You have very sharp teeth.
You have an increased reservoir of magic. (+10% MP)
You are weak. (Str -2)


Message History

You are too injured to fight recklessly!
There are monsters nearby!
You closely miss the worker ant. Your grab misses the worker ant.
You squeeze the worker ant, but do no damage.
The worker ant is moderately wounded.
The worker ant bites you.
* * * LOW HITPOINT WARNING * * *
You are lethally poisoned!
The worker ant poisons you! You block the worker ant's attack.
It was a potion of magic.
Magic courses through your body.
* * * LOW HITPOINT WARNING * * *
You feel sick. You block the worker ant's attack.
It was a potion of degeneration.
There was something very wrong with that liquid.
You feel weakened.
You feel dopey.
You feel clumsy.
* * * LOW HITPOINT WARNING * * *
You feel sick. You block the worker ant's attack.
It was a potion of mutation.
You feel extremely strange.
You feel weaker.
Your teeth lengthen and sharpen.
You feel more energetic.
You die...

....... ......... ...
##.. ............ #..
............# ##[.
........#.#..# ##...
..........#..## #....
.........S....### #....
......SB##......# #....
.......@##......####....
........#..........#....
........................
####...>..##...###.#....
#....#..###!...##......
#...##.......#.##......
.........####.#.##......
..#####... ..#..#......
.# ##.###..##.##.....


You could see a worker ant and an adder.

Vanquished Creatures
  2 dart slugs (D:1)
  A giant cockroach (D:1)
  2 hobgoblins (D:1)
  8 jackals (D:1)
  3 kobolds (D:1)
  4 bats (D:1)
  2 frilled lizards (D:1)
  6 goblins (D:1)
  8 rats
36 creatures vanquished.

Notes
Turn   | Place    | Note
-------+----------+-------------------------------------------
     0 | D:1      | Ijustatesigmund the Octopode Fighter began the quest for
                  | the Orb.
     0 | D:1      | Reached XP level 1. HP: 16/16 MP: 1/1
   282 | D:1      | Reached XP level 2. HP: 8/21 MP: 2/2
   505 | D:1      | Reached XP level 3. HP: 25/26 MP: 3/3
  1085 | D:2      | HP: 1/26 [poisoned by a worker ant]
  1086 | D:2      | Gained mutation: You are weak. (Str -2) [potion of
                  | mutation]
  1086 | D:2      | Gained mutation: You have very sharp teeth. [potion of
                  | mutation]
  1086 | D:2      | Gained mutation: You have an increased reservoir of magic.
                  | (+10% MP) [potion of mutation]
  1086 | D:2      | Succumbed to a worker ant's poison

Illustrated notes

Levels and vault maps discovered:
D:1:      dpeg_arrival_stone_temple_mockup, layout_rooms
D:2:      layout_rooms, minmay_pentomino_v2, uniq_jessica

Skill      XL: |  1  2 |
---------------+-------+-----
Maces & Flails | 3 |  3.3
Fighting       | |  3.5
Dodging        | |  3.0
Shields        | |  3.0

Action                   || total
-------------------------++-------
Melee: Flail             ||    59
       Constrict         ||    20
       Tentacles         ||     7
  Use: Potion            ||     4
       Scroll            ||     6
Armor: Skin              ||     1
Dodge: Dodged            ||    23
Block: Kite shield       ||    27
